 Dungeon Crawl Stone Soup version 0.18.1-48-g4cf74bf (webtiles) character file.

261 dvd the Ducker (level 5, 0/53 HPs)
             Began as a Troll Berserker on Aug 2, 2016.
             Was a Priest of Trog.
             Slain by Grinder (5 damage)
             ... on level 3 of the Dungeon.
             The game lasted 00:08:47 (3034 turns).

dvd the Ducker (Troll Berserker)                    Turns: 3034, Time: 00:08:48

Health: 0/53       AC: 11    Str: 25    XL:     5   Next: 96%
Magic:  4/4        EV: 11    Int:  3    God:    Trog [***...]
Gold:   128        SH:  0    Dex: 10    Spells: 0 memorised, 4 levels left

rFire  . . .     SeeInvis .     n - +0 mace (protect)
rCold  . . .     Gourm    +     b - +0 animal skin
rNeg   . . .     Faith    .     (no shield)
rPois  .         Spirit   .     (helmet restricted)
rElec  .         Dismiss  .     a - +0 cloak
rCorr  .         Reflect  .     (gloves unavailable)
SustAt .         Harm     .     (boots unavailable)
MR     ++...                    (no amulet)
Stlth  +.........               (no ring)
                                (no ring)

@: regenerating, very resistant to hostile enchantments, very unstealthy
A: unfitting armour, claws 3, fast metabolism 3, gourmand, regeneration 2,
shaggy fur 1, tough skin 2
a: Berserk, Trog's Hand, Burn Spellbooks, Renounce Religion


You were on level 3 of the Dungeon.
You worshipped Trog.
Trog was most pleased with you.
You were very full.

You visited 1 branch of the dungeon, and saw 3 of its levels.
You also visited: Sewer.

You collected 128 gold pieces.

Inventory:

Hand Weapons
 n - a +0 mace of protection (weapon)
Missiles
 f - 78 stones
 r - 4 tomahawks (quivered)
Armour
 a - a +0 cloak (worn)
 b - a +0 animal skin (worn)
Magical Staves
 w - an uncursed staff of cold
Wands
 x - a wand of lightning (7/15)
Scrolls
 i - 5 scrolls of identify {unknown}
 j - a scroll of enchant armour {unknown}
 k - 2 scrolls of enchant weapon {unknown}
 l - 3 scrolls of remove curse {unknown}
 o - 2 scrolls of blinking {unknown}
 s - 2 scrolls of immolation {unknown}
 v - a scroll of random uselessness {unknown}
 y - a scroll of fog {unknown}
 z - 2 scrolls of fear {unknown}
Potions
 d - 2 potions of might {unknown}
 e - 2 potions of degeneration {unknown}
 m - 2 potions of curing {unknown}
 t - a potion of agility {unknown}
 u - a potion of heal wounds {unknown}
Comestibles
 c - 4 bread rations
 g - a slice of pizza
 h - 2 meat rations
 p - a chunk of flesh
 q - 5 fruits


   Skills:
 + Level 3.0 Fighting
 + Level 3.9 Maces & Flails
 + Level 1.6 Throwing
 + Level 4.1 Dodging
 + Level 0.1 Stealth


You had 4 spell levels left.
You didn't know any spells.

Dungeon Overview and Level Annotations

Branches:
Dungeon (3/15)

Altars:
Trog

Annotations:
D:3 Grinder


Innate Abilities, Weirdness & Mutations

You are too large for most types of armour.
You have claws for hands.
Your metabolism is lightning-fast.
You like to eat raw meat.
You heal very quickly.
You are covered in fur (AC +1).
You have very tough skin (AC +2).


Message History

Grinder gestures at you. Pain shoots through your body!
Grinder says, "Tell me all your secrets, or I'll kill you."
Grinder hits you.
You writhe in agony.
Press: ? - help, v - describe, . - travel
Here: Grinder (severely wounded)
The floor.
Your skin crawls.
You feel resistant to hostile enchantments.
You feel slightly less full. Grinder hits you.
* * * LOW HITPOINT WARNING * * *
You writhe in agony.
* * * LOW HITPOINT WARNING * * *
Unknown command.
You barely miss Grinder.
Grinder is severely wounded.
Grinder hits you!
* * * LOW HITPOINT WARNING * * *
You writhe in agony.
You die...

.# #... #########.#
#.##
#.........#.########^.#
#.........#............
#.........##########...
#.............$. #....
#?........##### #.##.
#.........# #.#..
#####.@.#.##### ###.#.#
#5#.......#........
...#.)).............
#.#####.###.#########
...#.........# #####
#.# #.###.......?......
#.###.#################
# #....##########
#.............#


You could see Grinder.

Vanquished Creatures
  Purgy (Sewer)
  Ijyb (D:2)
  Robin (D:2)
  2 adders (D:3)
  An ooze (D:1)
  9 giant geckos
  7 orcs
  8 bats
  4 giant cockroaches
  12 goblins
  14 hobgoblins
  2 jackals (Sewer)
  9 kobolds
  4 quokkas (D:2)
  5 giant newts
  9 rats
89 creatures vanquished.

Notes
Turn   | Place    | Note
--------------------------------------------------------------
     0 | D:1      | dvd the Troll Berserker began the quest for the Orb.
     0 | D:1      | Reached XP level 1. HP: 22/22 MP: 0/0
   128 | D:1      | Reached XP level 2. HP: 29/29 MP: 1/1
   703 | D:1      | Reached ** piety under Trog
   947 | D:2      | Noticed Robin
   985 | D:1      | Reached XP level 3. HP: 19/36 MP: 2/2
  1028 | D:2      | Killed Robin
  1039 | D:2      | Reached skill level 3 in Dodging
  1759 | D:2      | Reached XP level 4. HP: 44/44 MP: 3/3
  1963 | D:2      | Found a bloodstained altar of Trog.
  2095 | D:2      | Noticed Ijyb
  2104 | D:2      | Killed Ijyb
  2282 | D:3      | Reached skill level 1 in Throwing
  2431 | D:3      | Reached *** piety under Trog
  2475 | D:3      | Found a glowing drain.
  2494 | D:3      | Reached XP level 5. HP: 52/52 MP: 4/4
  2502 | Sewer    | Entered a sewer
  2584 | Sewer    | Noticed Purgy
  2594 | Sewer    | Killed Purgy
  2594 | Sewer    | Reached skill level 4 in Dodging
  2978 | D:3      | Noticed Grinder
  2983 | D:3      | Paralysed by Grinder for 4 turns
  3019 | D:3      | Paralysed by Grinder for 7 turns
  3034 | D:3      | Slain by Grinder

Skill      XL: |  1  2  3  4  5 |
---------------+----------------+-----
Maces & Flails | 3 |  3.9
Dodging        | 3 4 |  4.1
Throwing       | 1 |  1.6
Fighting       | 3 |  3.0
Stealth        | |  0.1

Action                   |  1- 3 |  4- 6 || total
-------------------------+-------+-------++-------
Melee: Mace              |   138 |   159 ||   297
Throw: Stone             |    62 |    19 ||    81
       Tomahawk          |       |    16 ||    16
Invok: Trog's Hand       |     1 |     1 ||     2
       Berserk           |     1 |     2 ||     3
       Burn Spellbooks   |       |     2 ||     2
  Eat: Chunk             |    22 |    15 ||    37
Armor: Animal skin       |    92 |   104 ||   196
Dodge: Dodged            |   119 |   106 ||   225
